[ AOE2 MATCH · #505858726 ]
UnrankedMaya vs Burgundians
Player's team · WIN
Rival team · LOSS
[ REPLAY ANALYSIS · EXTRACTED FROM THE RECORDED GAME ]
Feudal
11:39
Castle
22:06
Imperial
38:16
| APM avg | 58.2 |
| APM peak | 108 |
| eAPM avg | 29.1 |
| Villagers / military | 155 / 287 |
Focus
⚔️ 42.4% · 🌾 57.6%
Spearman ×127 · Eagle Scout ×119 · Archer ×21 · Monk ×9 · Militia ×9 · Battering Ram ×1
Feudal
8:52
Castle
22:49
Imperial
—
| APM avg | 96.4 |
| APM peak | 129 |
| eAPM avg | 44.8 |
| Villagers / military | 106 / 102 |
Focus
⚔️ 39.5% · 🌾 60.5%
Knight ×72 · Skirmisher ×14 · Flemish Militia ×11 · Monk ×5
Match map
Initial resources + every placement click. Lines = walls · curves = elevation contours. ◆ gold · ⬟ stone · ● berries · ✦ relic · ◌ wall gap
Your base· ✓ Closed at 22:06 · 59t walls · no gate
Lamo's base· Open — 11t gap
Smoothed initial terrain · ◌ = detected wall gap · hover for details
Inputs per minute
— flightlessbird - - Lamo
Build order — flightlessbird
First 150 of 576 actions detected
| 0:01 | Research | Loom |
| 0:02 | Create | Villager (Male) |
| 0:02 | Create | Villager (Male) |
| 0:02 | Create | Villager (Male) |
| 0:03 | Build | House |
| 0:05 | Build | House |
| 1:16 | Create | Villager (Male) |
| 1:16 | Create | Villager (Male) |
| 1:59 | Create | Villager (Male) |
| 1:59 | Create | Villager (Male) |
| 1:59 | Create | Villager (Male) |
| 2:10 | Create | Villager (Male) |
| 2:52 | Create | Villager (Male) |
| 2:52 | Create | Villager (Male) |
| 2:52 | Create | Villager (Male) |
| 2:52 | Create | Villager (Male) |
| 3:23 | Build | Barracks |
| 3:37 | Create | Villager (Male) |
| 3:37 | Create | Villager (Male) |
| 3:42 | Build | House |
| 4:15 | Create | Militia |
| 4:15 | Create | Militia |
| 4:28 | Build | House |
| 4:32 | Create | Villager (Male) |
| 4:33 | Create | Militia |
| 4:53 | Create | Villager (Male) |
| 5:12 | Create | Villager (Male) |
| 5:28 | Create | Militia |
| 5:40 | Create | Villager (Male) |
| 5:57 | Build | Mill |
| 6:00 | Create | Villager (Male) |
| 6:17 | Create | Militia |
| 6:32 | Create | Villager (Male) |
| 6:32 | Create | Villager (Male) |
| 6:50 | Build | House |
| 6:57 | Create | Villager (Male) |
| 7:12 | Create | Villager (Male) |
| 7:20 | Build | Lumber Camp |
| 7:36 | Create | Villager (Male) |
| 8:10 | Create | Villager (Male) |
| 8:13 | Build | House |
| 8:38 | Create | Villager (Male) |
| 9:02 | Build | Farm |
| 9:18 | Create | Villager (Male) |
| 9:29 | Research | Feudal Age |
| 9:42 | Build | Farm |
| 9:55 | Create | Militia |
| 10:05 | Build | Farm |
| 10:28 | Create | Militia |
| 10:32 | Build | Mining Camp |
| 10:45 | Create | Villager (Male) |
| 10:53 | Create | Militia |
| 10:58 | Build | Farm |
| 11:04 | Build | Farm |
| 11:15 | Create | Militia |
| 11:27 | Build | House |
| 11:29 | Build | Palisade Wall |
| 11:33 | Build | House |
| 11:39 | Age | Feudal Age |
| 11:59 | Research | Man-at-Arms (upgrade) |
| 11:59 | Research | Man-at-Arms (upgrade) |
| 12:03 | Create | Villager (Male) |
| 12:11 | Build | Palisade Wall |
| 12:13 | Build | Palisade Wall |
| 12:14 | Build | Palisade Wall |
| 12:19 | Create | Spearman |
| 12:21 | Create | Villager (Male) |
| 12:27 | Build | Archery Range |
| 12:40 | Create | Villager (Male) |
| 12:54 | Create | Villager (Male) |
| 13:08 | Research | Arson |
| 13:08 | Research | Arson |
| 13:14 | Build | House |
| 13:20 | Create | Villager (Male) |
| 13:23 | Build | Farm |
| 13:23 | Create | Archer |
| 13:33 | Create | Archer |
| 13:38 | Create | Villager (Male) |
| 13:41 | Research | Double-Bit Axe |
| 13:42 | Research | Double-Bit Axe |
| 13:48 | Build | Palisade Wall |
| 13:53 | Create | Archer |
| 14:04 | Create | Villager (Male) |
| 14:19 | Build | Farm |
| 14:24 | Create | Archer |
| 14:37 | Build | House |
| 14:38 | Build | Palisade Wall |
| 14:40 | Build | Farm |
| 14:42 | Create | Villager (Male) |
| 14:58 | Create | Villager (Male) |
| 15:02 | Build | Farm |
| 15:20 | Build | Farm |
| 15:29 | Create | Villager (Male) |
| 15:40 | Build | House |
| 16:00 | Create | Villager (Male) |
| 16:02 | Build | Blacksmith |
| 16:04 | Build | Farm |
| 16:13 | Create | Archer |
| 16:23 | Build | Farm |
| 16:25 | Build | Farm |
| 16:30 | Create | Villager (Male) |
| 16:50 | Create | Archer |
| 16:59 | Create | Villager (Male) |
| 17:02 | Research | Fletching |
| 17:03 | Research | Fletching |
| 17:18 | Build | Farm |
| 17:18 | Build | Farm |
| 17:18 | Build | Farm |
| 17:18 | Build | Farm |
| 17:18 | Build | Farm |
| 17:24 | Build | Palisade Gate |
| 17:28 | Create | Villager (Male) |
| 17:31 | Build | Palisade Wall |
| 17:33 | Build | Palisade Wall |
| 17:37 | Create | Archer |
| 17:50 | Build | Farm |
| 17:52 | Build | Farm |
| 17:54 | Create | Villager (Male) |
| 18:19 | Create | Villager (Male) |
| 18:42 | Create | Villager (Male) |
| 19:05 | Build | Market |
| 19:26 | Research | Castle Age |
| 19:26 | Research | Castle Age |
| 19:26 | Research | Castle Age |
| 19:41 | Create | Archer |
| 19:44 | Build | Archery Range |
| 19:55 | Build | Lumber Camp |
| 19:59 | Research | Horse Collar |
| 20:00 | Research | Horse Collar |
| 20:11 | Create | Archer |
| 20:13 | Research | Padded Archer Armor |
| 20:26 | Research | Scale Mail Armor |
| 20:26 | Research | Scale Mail Armor |
| 20:45 | Create | Archer |
| 20:47 | Create | Eagle Scout |
| 20:50 | Build | Barracks |
| 20:54 | Build | House |
| 20:57 | Research | Gold Mining |
| 21:05 | Create | Archer |
| 21:05 | Create | Archer |
| 21:24 | Create | Archer |
| 22:02 | Create | Archer |
| 22:02 | Create | Archer |
| 22:06 | Age | Castle Age |
| 22:09 | Create | Eagle Scout |
| 22:12 | Research | Crossbowman (upgrade) |
| 22:12 | Research | Crossbowman (upgrade) |
| 22:22 | Create | Villager (Male) |
| 22:33 | Research | Bodkin Arrow |
| 22:33 | Research | Bodkin Arrow |
Build order — Lamo
First 150 of 361 actions detected
| 0:00 | Create | Villager (Male) |
| 0:01 | Create | Villager (Male) |
| 0:02 | Build | House |
| 0:02 | Build | House |
| 0:38 | Create | Villager (Male) |
| 0:38 | Create | Villager (Male) |
| 1:29 | Create | Villager (Male) |
| 1:29 | Create | Villager (Male) |
| 1:55 | Create | Villager (Male) |
| 1:55 | Create | Villager (Male) |
| 2:01 | Build | Lumber Camp |
| 2:16 | Create | Villager (Male) |
| 2:16 | Create | Villager (Male) |
| 2:38 | Research | Double-Bit Axe |
| 2:38 | Research | Double-Bit Axe |
| 2:49 | Create | Villager (Male) |
| 3:06 | Create | Villager (Male) |
| 3:37 | Create | Villager (Male) |
| 3:37 | Create | Villager (Male) |
| 3:56 | Create | Villager (Male) |
| 3:56 | Create | Villager (Male) |
| 4:03 | Build | House |
| 4:37 | Create | Villager (Male) |
| 4:39 | Create | Villager (Male) |
| 5:17 | Create | Villager (Male) |
| 5:23 | Create | Villager (Male) |
| 5:24 | Research | Loom |
| 5:35 | Build | Mill |
| 6:42 | Research | Feudal Age |
| 6:43 | Research | Feudal Age |
| 6:51 | Build | Lumber Camp |
| 7:03 | Build | Palisade Wall |
| 7:07 | Build | Palisade Wall |
| 7:12 | Build | Palisade Wall |
| 8:01 | Build | House |
| 8:04 | Create | Villager (Male) |
| 8:25 | Build | Barracks |
| 8:52 | Age | Feudal Age |
| 8:54 | Create | Villager (Male) |
| 8:57 | Research | Bow Saw |
| 8:57 | Research | Bow Saw |
| 9:10 | Create | Flemish Militia |
| 9:11 | Create | Flemish Militia |
| 9:12 | Create | Villager (Male) |
| 9:30 | Build | House |
| 9:38 | Research | Horse Collar |
| 9:38 | Research | Horse Collar |
| 9:40 | Build | Farm |
| 9:56 | Create | Villager (Male) |
| 9:57 | Build | Farm |
| 10:00 | Build | Farm |
| 10:26 | Build | Farm |
| 10:28 | Build | Farm |
| 10:29 | Create | Villager (Male) |
| 10:41 | Create | Villager (Male) |
| 10:43 | Build | Farm |
| 10:46 | Build | House |
| 10:47 | Build | House |
| 11:05 | Create | Villager (Male) |
| 11:10 | Build | Mining Camp |
| 11:25 | Create | Villager (Male) |
| 11:28 | Build | Farm |
| 11:42 | Build | Farm |
| 11:57 | Create | Villager (Male) |
| 12:01 | Build | Farm |
| 12:19 | Build | Farm |
| 12:22 | Create | Villager (Male) |
| 12:32 | Build | Palisade Wall |
| 12:44 | Create | Villager (Male) |
| 12:47 | Build | Palisade Wall |
| 12:48 | Build | Palisade Wall |
| 12:53 | Create | Villager (Male) |
| 12:56 | Build | Palisade Wall |
| 13:01 | Build | Palisade Wall |
| 13:03 | Build | Palisade Wall |
| 13:09 | Create | Villager (Male) |
| 13:21 | Create | Flemish Militia |
| 13:21 | Create | Flemish Militia |
| 13:37 | Create | Villager (Male) |
| 13:38 | Build | Farm |
| 13:40 | Build | Farm |
| 13:50 | Create | Flemish Militia |
| 13:50 | Create | Flemish Militia |
| 14:07 | Build | Palisade Wall |
| 14:12 | Build | Palisade Wall |
| 14:13 | Build | Palisade Wall |
| 14:16 | Build | Farm |
| 14:21 | Create | Flemish Militia |
| 14:21 | Create | Flemish Militia |
| 14:28 | Create | Villager (Male) |
| 14:30 | Build | Farm |
| 14:30 | Build | Farm |
| 14:40 | Create | Flemish Militia |
| 14:57 | Build | Farm |
| 15:02 | Create | Villager (Male) |
| 15:29 | Create | Flemish Militia |
| 15:30 | Create | Flemish Militia |
| 15:30 | Create | Villager (Male) |
| 15:32 | Build | House |
| 15:47 | Create | Villager (Male) |
| 15:57 | Create | Villager (Male) |
| 17:24 | Build | Watch Tower |
| 17:31 | Create | Villager (Male) |
| 17:35 | Research | Gold Mining |
| 17:35 | Research | Gold Mining |
| 17:50 | Create | Villager (Male) |
| 18:35 | Create | Villager (Male) |
| 18:50 | Build | Market |
| 18:52 | Create | Villager (Male) |
| 19:38 | Build | Archery Range |
| 19:45 | Build | Mining Camp |
| 19:55 | Build | Watch Tower |
| 20:04 | Build | Blacksmith |
| 20:05 | Create | Skirmisher |
| 20:09 | Research | Castle Age |
| 20:10 | Research | Castle Age |
| 20:11 | Build | House |
| 20:12 | Build | House |
| 20:25 | Build | House |
| 20:44 | Create | Skirmisher |
| 20:46 | Build | House |
| 20:47 | Build | House |
| 20:48 | Research | Fletching |
| 20:48 | Research | Fletching |
| 20:52 | Build | House |
| 20:59 | Build | Stable |
| 21:03 | Create | Skirmisher |
| 21:08 | Create | Villager (Male) |
| 21:23 | Build | House |
| 21:39 | Create | Skirmisher |
| 22:09 | Create | Skirmisher |
| 22:09 | Create | Skirmisher |
| 22:17 | Create | Skirmisher |
| 22:34 | Build | Archery Range |
| 22:45 | Research | Padded Archer Armor |
| 22:45 | Research | Padded Archer Armor |
| 22:49 | Age | Castle Age |
| 22:56 | Research | Elite Skirmisher (upgrade) |
| 22:57 | Research | Elite Skirmisher (upgrade) |
| 23:02 | Create | Villager (Male) |
| 23:04 | Create | Knight |
| 23:11 | Create | Skirmisher |
| 23:28 | Create | Villager (Male) |
| 23:45 | Create | Villager (Male) |
| 23:53 | Build | Palisade Wall |
| 23:56 | Build | Palisade Wall |
| 24:09 | Build | Market |
| 24:26 | Create | Skirmisher |
| 24:31 | Create | Villager (Male) |
| 24:34 | Create | Skirmisher |
Match timeline
| 3:23 | flightlessbird · first_building Barracks |
| 7:03 | Lamo · wall_segment Palisade Wall x2 |
| 7:07 | Lamo · wall_segment Palisade Wall x2 |
| 7:12 | Lamo · wall_segment Palisade Wall x1 |
| 8:25 | Lamo · first_building Barracks |
| 8:52 | Lamo · age_up feudal |
| 11:29 | flightlessbird · wall_segment Palisade Wall x14 |
| 11:39 | flightlessbird · age_up feudal |
| 12:11 | flightlessbird · wall_segment Palisade Wall x1 |
| 12:13 | flightlessbird · wall_segment Palisade Wall x1 |
| 12:14 | flightlessbird · wall_segment Palisade Wall x1 |
| 12:27 | flightlessbird · first_building Archery Range |
| 12:32 | Lamo · wall_segment Palisade Wall x1 |
| 12:47 | Lamo · wall_segment Palisade Wall x1 |
| 12:48 | Lamo · wall_segment Palisade Wall x1 |
| 12:56 | Lamo · wall_segment Palisade Wall x2 |
| 13:01 | Lamo · wall_segment Palisade Wall x1 |
| 13:03 | Lamo · wall_segment Palisade Wall x1 |
| 13:48 | flightlessbird · wall_segment Palisade Wall x31 |
| 14:07 | Lamo · wall_segment Palisade Wall x1 |
| 14:12 | Lamo · wall_segment Palisade Wall x1 |
| 14:13 | Lamo · wall_segment Palisade Wall x1 |
| 14:38 | flightlessbird · wall_segment Palisade Wall x6 |
| 17:31 | flightlessbird · wall_segment Palisade Wall x3 |
| 17:33 | flightlessbird · wall_segment Palisade Wall x3 |
| 19:32 | Lamo · first_market_sell 100 food |
| 19:38 | Lamo · first_building Archery Range |
| 19:42 | Lamo · first_market_buy 100 wood |
| 20:59 | Lamo · first_building Stable |
| 22:06 | flightlessbird · age_up castle |
| 22:31 | flightlessbird · first_market_buy 100 food |
| 22:32 | flightlessbird · first_market_sell 100 wood |
| 22:49 | Lamo · age_up castle |
| 23:53 | Lamo · wall_segment Palisade Wall x1 |
| 23:56 | Lamo · wall_segment Palisade Wall x1 |
| 26:13 | Lamo · wall_segment Palisade Wall x1 |
| 26:14 | flightlessbird · first_building Monastery |
| 26:14 | Lamo · wall_segment Palisade Wall x1 |
| 28:38 | Lamo · first_building Monastery |
| 30:45 | Lamo · wall_segment Palisade Wall x1 |
| 31:00 | Lamo · wall_segment Palisade Wall x1 |
| 33:29 | flightlessbird · first_building Castle |
| 37:27 | Lamo · wall_segment Palisade Wall x1 |
| 37:32 | Lamo · wall_segment Palisade Wall x1 |
| 38:12 | flightlessbird · first_building Siege Workshop |
| 38:16 | flightlessbird · age_up imperial |
| 40:06 | Lamo · wall_segment Stone Wall x1 |
| 40:08 | Lamo · wall_segment Stone Wall x1 |
| 44:39 | Lamo · resign |
[ AI ANALYSIS · 1 CREDIT ]
What really happened in this match?
Wolo.gg analyzes every decision: build order, eco, micro, common mistakes by bracket. Personalized analysis on WhatsApp or Discord in 30 seconds.
Civ guide
Maya
Perfil
Jugador #285508